PBL
TIJUANA TOROS @ MIAMI BEACH MARLINS
07/31/2049
 
TOP OF THE 1ST
Tijuana Toros batting - Pitching for Miami Beach Marlins : RHP Eric Simons
Pitching: RHP Eric Simons
Batting: RHB Alex Diaz 0-0: Called Strike
0-1: Called Strike
0-2: Strikes out swinging
Batting: RHB Guo Kwok 0-0: Called Strike
0-1: Foul Ball, location: 2F
0-2: Ball
1-2: Strikes out swinging
Batting: RHB Jerry Afghani 0-0: Ball
1-0: Called Strike
1-1: Ball
2-1: Fly out, F8 (Flyball, 8LD, EV 88.1 MPH)
Top of the 1st over - 0 runs, 0 hits, 0 errors, 0 left on base; Tijuana 0 - Miami Beach 0
BOTTOM OF THE 1ST
Miami Beach Marlins batting - Pitching for Tijuana Toros : RHP David Goyen
Pitching: RHP David Goyen
Batting: RHB Bill Atley 0-0: Called Strike
0-1: Foul Ball, location: 2F
0-2: Foul Ball, location: 2F
0-2: Foul Ball, location: 2F
0-2: Ball
1-2: Ball
2-2: Ball
3-2: Fly out, F9 (Flyball, 9, EV 80.0 MPH)
Batting: LHB Henry Huezo 0-0: Ball
1-0: Ball
2-0: Fly out, F8 (Flyball, 8LM, EV 88.1 MPH)
Batting: RHB Melvin Nava 0-0: Swinging Strike
0-1: Foul Ball, location: 2F
0-2: Foul Ball, location: 2F
0-2: Foul Ball, location: 2F
0-2: Fly out, F8 (Flyball, 8LM, EV 95.0 MPH)
Bottom of the 1st over - 0 runs, 0 hits, 0 errors, 0 left on base; Tijuana 0 - Miami Beach 0
TOP OF THE 2ND
Tijuana Toros batting - Pitching for Miami Beach Marlins : RHP Eric Simons
Batting: RHB Shiki Nomoto 0-0: Ball
1-0: Ball
2-0: Called Strike
2-1: Ball
3-1: Foul Ball, location: 2F
3-2: Fly out, F9 (Flyball, 89D, EV 97.5 MPH)
Batting: LHB Jose Diaz 0-0: Swinging Strike
0-1: Swinging Strike
0-2: Strikes out swinging
Batting: RHB Jesus Herrera 0-0: Called Strike
0-1: Ball
1-1: Ball
2-1: Called Strike
2-2: Ball
3-2: Reached on error, E3 (Groundball, 34, EV 80.0 MPH)
Batting: RHB Tan-ming Kwan 0-0: Called Strike
Jesus Herrera is caught stealing 2nd base 2-4
Top of the 2nd over - 0 runs, 0 hits, 1 error, 0 left on base; Tijuana 0 - Miami Beach 0
BOTTOM OF THE 2ND
Miami Beach Marlins batting - Pitching for Tijuana Toros : RHP David Goyen
Batting: RHB Orlando Melendres 0-0: SINGLE (Groundball, 6MD, EV 101.2 MPH)
Batting: RHB Jim Smallwood 0-0: Called Strike
0-1: Ball
1-1: Ball
2-1: SINGLE (Groundball, 6S, EV 69.4 MPH) (infield hit)
Orlando Melendres to second
Batting: RHB Chris Harlow 0-0: Ball
1-0: Foul Ball, location: 2F
1-1: Swinging Strike
1-2: Ball
2-2: Foul Ball, location: 2F
2-2: Ball
Passed Ball!
Orlando Melendres to third
Jim Smallwood to second
3-2: Base on Balls
Batting: RHB Timo Myers 0-0: Ball
1-0: Swinging Strike
1-1: Ball
2-1: Called Strike
2-2: Ball
3-2: Strikes out looking
Batting: RHB Dustin Baker 0-0: Grounds into double play, 5-4-3 (Groundball, 56, EV 81.9 MPH)
Bottom of the 2nd over - 0 runs, 2 hits, 0 errors, 2 left on base; Tijuana 0 - Miami Beach 0
TOP OF THE 3RD
Tijuana Toros batting - Pitching for Miami Beach Marlins : RHP Eric Simons
Batting: RHB Tan-ming Kwan 0-0: Ball
1-0: Foul Ball, location: 2F
1-1: Ball
2-1: Ball
3-1: Ground out 4-3 (Groundball, 34D, EV 101.9 MPH)
Batting: RHB Guillermo Puente 0-0: Ball
1-0: Ball
2-0: Called Strike
2-1: Foul Ball, location: 2F
2-2: Ball
3-2: Foul Ball, location: 2F
3-2: Fly out, F8 (Line Drive, 8RM, EV 90.6 MPH)
Batting: RHB Jaylen North 0-0: Foul Ball, location: 2F
0-1: Fly out, F4 (Popup, 34S, EV 74.4 MPH)
Top of the 3rd over - 0 runs, 0 hits, 0 errors, 0 left on base; Tijuana 0 - Miami Beach 0
BOTTOM OF THE 3RD
Miami Beach Marlins batting - Pitching for Tijuana Toros : RHP David Goyen
Batting: RHB Mike Day 0-0: Called Strike
0-1: Ball
1-1: Foul Ball, location: 2F
1-2: Foul Ball, location: 2F
1-2: Ball
2-2: Fly out, F8 (Flyball, 8RD, EV 86.2 MPH)
Batting: RHB Bill Atley 0-0: Called Strike
0-1: Ball
1-1: Ball
2-1: Swinging Strike
2-2: Reached on error, E5 (Groundball, 56S, EV 85.0 MPH)
Batting: LHB Henry Huezo 0-0: Called Strike
Bill Atley steals 2nd base
0-1: Swinging Strike
0-2: Ball
1-2: Ball
2-2: Reached on error, E4 (Groundball, 4, EV 80.0 MPH)
Bill Atley to third
Batting: RHB Melvin Nava 0-0: Ball
1-0: Called Strike
1-1: Foul Ball, location: 2F
1-2: Ball
2-2: Strikes out swinging
Batting: RHB Orlando Melendres 0-0: Called Strike
0-1: Ball
1-1: Ball
2-1: Fly out, F5 (Popup, 56S, EV 71.2 MPH)
Bottom of the 3rd over - 0 runs, 0 hits, 2 errors, 2 left on base; Tijuana 0 - Miami Beach 0
TOP OF THE 4TH
Tijuana Toros batting - Pitching for Miami Beach Marlins : RHP Eric Simons
Batting: RHB Alex Diaz 0-0: Called Strike
0-1: Swinging Strike
0-2: Strikes out swinging
Batting: RHB Guo Kwok 0-0: Foul Ball, location: 2F
0-1: Swinging Strike
0-2: Ball
1-2: Strikes out swinging
Batting: RHB Jerry Afghani 0-0: Called Strike
0-1: Fly out, F8 (Flyball, 78M, EV 87.5 MPH)
Top of the 4th over - 0 runs, 0 hits, 0 errors, 0 left on base; Tijuana 0 - Miami Beach 0
BOTTOM OF THE 4TH
Miami Beach Marlins batting - Pitching for Tijuana Toros : RHP David Goyen
Batting: RHB Jim Smallwood 0-0: Called Strike
0-1: Ball
1-1: Fly out, F4 (Popup, 4S, EV 71.9 MPH)
Batting: RHB Chris Harlow 0-0: Ball
1-0: SINGLE (Groundball, 56S, EV 69.4 MPH) (infield hit)
Batting: RHB Timo Myers 0-0: Swinging Strike
0-1: SINGLE (Groundball, 6MD, EV 103.8 MPH)
Chris Harlow to second
Batting: RHB Dustin Baker 0-0: Ball
1-0: Foul Ball, location: 2F
1-1: Grounds into double play, 6-4-3 (Groundball, 6, EV 87.5 MPH)
Bottom of the 4th over - 0 runs, 2 hits, 0 errors, 1 left on base; Tijuana 0 - Miami Beach 0
TOP OF THE 5TH
Tijuana Toros batting - Pitching for Miami Beach Marlins : RHP Eric Simons
Batting: RHB Shiki Nomoto 0-0: Called Strike
0-1: Fly out, F9 (Flyball, 9, EV 88.8 MPH)
Batting: LHB Jose Diaz 0-0: Called Strike
0-1: Swinging Strike
0-2: Foul Ball, location: 2F
0-2: Ball
1-2: Strikes out swinging
Batting: RHB Jesus Herrera 0-0: Ball
1-0: Ball
2-0: Ball
3-0: Base on Balls
Batting: RHB Tan-ming Kwan 0-0: Ball
1-0: Fly out, F7 (Flyball, 7LM, EV 87.5 MPH)
Top of the 5th over - 0 runs, 0 hits, 0 errors, 1 left on base; Tijuana 0 - Miami Beach 0
BOTTOM OF THE 5TH
Miami Beach Marlins batting - Pitching for Tijuana Toros : RHP David Goyen
Batting: RHB Mike Day 0-0: Called Strike
0-1: Ball
1-1: Swinging Strike
1-2: SINGLE (Line Drive, 6MD, EV 96.9 MPH)
Batting: RHB Bill Atley 0-0: Called Strike
0-1: Foul Ball, location: 2F
0-2: Foul Ball, location: 2F
0-2: Ball
1-2: Ball
2-2: Grounds into double play, 6-4-3 (Groundball, 6, EV 85.0 MPH)
Batting: LHB Henry Huezo 0-0: Ball
1-0: Ball
2-0: Ball
3-0: Base on Balls
Batting: RHB Melvin Nava 0-0: Ball
1-0: Swinging Strike
1-1: Ball
2-1: Ball
3-1: 2-RUN HOME RUN (Flyball, 7D, EV 108.1 MPH), Distance : 399 ft
Batting: RHB Orlando Melendres 0-0: Ball
1-0: Reached on error, E1 (Groundball, 15S, EV 64.4 MPH)
Batting: RHB Jim Smallwood 0-0: Foul Ball, location: 2F
0-1: Ball
1-1: Called Strike
1-2: Strikes out looking
Bottom of the 5th over - 2 runs, 2 hits, 1 error, 1 left on base; Tijuana 0 - Miami Beach 2
TOP OF THE 6TH
Tijuana Toros batting - Pitching for Miami Beach Marlins : RHP Eric Simons
Batting: RHB Guillermo Puente 0-0: Fly out, F8 (Flyball, 8RD, EV 85.0 MPH)
Batting: RHB Jaylen North 0-0: Ball
1-0: Ball
2-0: Ball
3-0: Called Strike
3-1: Base on Balls
Batting: RHB Alex Diaz 0-0: Called Strike
0-1: Ball
1-1: Swinging Strike
1-2: Strikes out swinging
Batting: RHB Guo Kwok 0-0: Swinging Strike
0-1: Ball
1-1: Ball
2-1: Ball
3-1: Swinging Strike
3-2: Strikes out swinging
Top of the 6th over - 0 runs, 0 hits, 0 errors, 1 left on base; Tijuana 0 - Miami Beach 2
BOTTOM OF THE 6TH
Miami Beach Marlins batting - Pitching for Tijuana Toros : RHP David Goyen
Batting: RHB Chris Harlow 0-0: SINGLE (Line Drive, 6D, EV 100.0 MPH)
Batting: RHB Timo Myers 0-0: Fly out, F7 (Line Drive, 78M, EV 87.5 MPH)
Batting: RHB Dustin Baker 0-0: Called Strike
0-1: Ball
1-1: Ball
2-1: Fly out, F3 (Popup, 3, EV 66.2 MPH)
Pitching: RHP Jimmy Hitchcock
Batting: RHB Mike Day 0-0: Ball
1-0: Fly out, F9 (Flyball, 9S, EV 86.2 MPH)
Bottom of the 6th over - 0 runs, 1 hit, 0 errors, 1 left on base; Tijuana 0 - Miami Beach 2
TOP OF THE 7TH
Tijuana Toros batting - Pitching for Miami Beach Marlins : RHP Eric Simons
Batting: RHB Jerry Afghani 0-0: SINGLE (Line Drive, 9S, EV 101.9 MPH)
Pitching: RHP Franklin Vazquez
Batting: RHB Shiki Nomoto 0-0: Foul Ball, location: 2F
0-1: Called Strike
Jerry Afghani steals 2nd base
0-2: Ground out 4-3 (Groundball, 4MD, EV 84.4 MPH)
Jerry Afghani to third
Batting: LHB Jose Diaz 0-0: Ball
1-0: Ball
2-0: Ball
3-0: Base on Balls
Pinch Hitting: SHB Luis Diaz 0-0: Ball
1-0: Grounds into double play, 4-6-3 (Groundball, 34, EV 105.6 MPH)
Top of the 7th over - 0 runs, 1 hit, 0 errors, 1 left on base; Tijuana 0 - Miami Beach 2
BOTTOM OF THE 7TH
Miami Beach Marlins batting - Pitching for Tijuana Toros : RHP Jimmy Hitchcock
Now at 2B: Tony Vasquez
Now at SS: Shiki Nomoto
Batting: RHB Bill Atley 0-0: Ball
1-0: Ball
2-0: Foul Ball, location: 2F
2-1: Ball
3-1: Called Strike
3-2: Foul Ball, location: 2F
3-2: Strikes out swinging
Batting: LHB Henry Huezo 0-0: SINGLE (Groundball, 6D, EV 101.2 MPH)
Batting: RHB Melvin Nava 0-0: 2-RUN HOME RUN (Flyball, 7D, EV 103.1 MPH), Distance : 407 ft
Batting: RHB Orlando Melendres 0-0: Ball
1-0: Foul Ball, location: 2F
1-1: Ball
2-1: Called Strike
2-2: Foul Ball, location: 2F
2-2: Ball
3-2: SINGLE (Groundball, 34D, EV 97.5 MPH)
Batting: RHB Jim Smallwood 0-0: Ball
1-0: Fly out, F7 (Flyball, 78M, EV 91.2 MPH)
Batting: RHB Chris Harlow 0-0: Ball
1-0: Foul Ball, location: 2F
1-1: Ball
2-1: Swinging Strike
2-2: Hit by Pitch
Orlando Melendres to second
Pinch Hitting: SHB Brent King 0-0: Ball
1-0: Ground out 2-3 (Groundball, 2R, EV 63.1 MPH)
Bottom of the 7th over - 2 runs, 3 hits, 0 errors, 2 left on base; Tijuana 0 - Miami Beach 4
TOP OF THE 8TH
Tijuana Toros batting - Pitching for Miami Beach Marlins : RHP Franklin Vazquez
Now at 3B: Emmet Brickowski
Batting: RHB Tan-ming Kwan 0-0: Ball
1-0: Ball
2-0: Foul Ball, location: 2F
2-1: Foul Ball, location: 2F
2-2: Ball
3-2: Base on Balls
Batting: RHB Guillermo Puente 0-0: Ball
1-0: Called Strike
1-1: Called Strike
1-2: Ball
2-2: Foul Ball, location: 2F
2-2: Ball
3-2: Fly out, F7 (Flyball, 7LM, EV 96.2 MPH)
Batting: RHB Jaylen North 0-0: Fly out, F8 (Flyball, 8RXD, EV 95.0 MPH)
Batting: RHB Alex Diaz 0-0: Foul Ball, location: 2F
0-1: Foul Ball, location: 2F
0-2: Strikes out looking
Top of the 8th over - 0 runs, 0 hits, 0 errors, 1 left on base; Tijuana 0 - Miami Beach 4
BOTTOM OF THE 8TH
Miami Beach Marlins batting - Pitching for Tijuana Toros : RHP Jimmy Hitchcock
Batting: RHB Scott Talbot 0-0: Called Strike
0-1: Called Strike
0-2: Ball
1-2: Fly out, F9 (Flyball, 89M, EV 90.6 MPH)
Batting: RHB Mike Day 0-0: Called Strike
0-1: Foul Ball, location: 2F
0-2: Strikes out swinging
Batting: RHB Bill Atley 0-0: Ball
1-0: Ball
2-0: Called Strike
2-1: Foul Ball, location: 2F
2-2: Ball
3-2: Fly out, F7 (Flyball, 7, EV 91.9 MPH)
Bottom of the 8th over - 0 runs, 0 hits, 0 errors, 0 left on base; Tijuana 0 - Miami Beach 4
TOP OF THE 9TH
Tijuana Toros batting - Pitching for Miami Beach Marlins : RHP Franklin Vazquez
Pitching: LHP Doug Whitling
Batting: RHB Guo Kwok 0-0: Ball
1-0: Ball
2-0: Swinging Strike
2-1: Ground out 5-3 (Groundball, 5L, EV 109.4 MPH)
Batting: RHB Jerry Afghani 0-0: Called Strike
0-1: Ball
1-1: Foul Ball, location: 2F
1-2: Ball
2-2: Strikes out swinging
Batting: RHB Shiki Nomoto 0-0: Called Strike
0-1: Ball
1-1: Fly out, F8 (Line Drive, 78D, EV 91.2 MPH)
Top of the 9th over - 0 runs, 0 hits, 0 errors, 0 left on base; Tijuana 0 - Miami Beach 4
Sunday, July 16th , 2023 - OOTP Baseball 24.6 Build 69